 Dungeon Crawl Stone Soup version 0.30.0-18-gc0e69614cb (webtiles) character file.

Game seed: 12416553845959103970

18278 comborobin the Covert (level 12, -2/97 HPs)
             Began as a Gnoll Delver on May 24, 2023.
             Was a Priest of Cheibriados.
             Slain by a two-headed ogre
             ... wielding a +0 giant club
              (24 damage)
             ... on level 12 of the Dungeon.
             The game lasted 00:18:59 (13182 turns).

comborobin the Covert (Gnoll Delver)               Turns: 13182, Time: 00:18:59

Health: -2/97      AC: 14    Str: 20    XL:     12   Next: 56%
Magic:  23/23      EV: 20    Int: 18    God:    Cheibriados [***...]
Gold:   965        SH:  5    Dex: 26    Spells: 19/26 levels left

rFire   + . .        b - +8 sling of Magnificence {elec, rF+ SInv}
rCold   . . .        (no shield)
rNeg    . . .        V - +0 troll leather armour
rPois   .            (no helmet)
rElec   .            D - +0 cloak
rCorr   .            (no gloves)
SInv    +            (no boots)
Will    .....        J - amulet of reflection
Stlth   ++++++       T - +4 ring of protection
HPRegen 1.16/turn    e - +4 ring of protection
MPRegen 0.18/turn

%: reflection
@: very slow
A: fangs 1, strong nose, distributed training, deterioration 1, MP-powered wands
a: Renounce Religion, Bend Time, Temporal Distortion


You were on level 12 of the Dungeon.
You worshipped Cheibriados.
Cheibriados was most pleased with you.
You visited 2 branches of the dungeon, and saw 14 of its levels.

You collected 998 gold pieces.
You spent 33 gold pieces at shops.

Inventory:

Hand Weapons
 a - a +0 vampiric hand axe
 b - the +8 sling of Magnificence (weapon) {elec, rF+ SInv}
   (You found it on level 5 of the Dungeon)

   rF:        It protects you from fire.
   SInv:      It lets you see invisible.
 f - a +1 dagger of venom
 M - a +0 scimitar of flaming
 O - the +7 spear "Usowa" {drain, *Rage rN+ Will++ Int+3}
   (You found it on level 9 of the Dungeon)

   Int:       It affects your intelligence (+3).
   rN:        It protects you from negative energy.
   *Rage:     It berserks you when you make melee attacks (+20% chance).
   Will:      It greatly increases your willpower.
Missiles
 E - 5 throwing nets
Armour
 j - a +1 leather armour
 D - a +0 cloak (worn)
 G - +0 steam dragon scales
 S - a +1 robe of cold resistance
 V - a +0 troll leather armour (worn)
Jewellery
 d - a ring of wizardry
 e - a +4 ring of protection (right hand)
 m - a ring of see invisible
 n - a ring of ice
 y - a ring of flight
 J - an amulet of reflection (around neck)
 R - a ring of ice
 T - a +4 ring of protection (left hand)
 W - a +5 ring of evasion
Wands
 g - a wand of digging (7)
 k - a wand of flame (50)
 F - a wand of iceblast (15)
 H - a wand of quicksilver (22)
 P - a wand of polymorph (1)
 U - a wand of paralysis (8)
Scrolls
 c - 2 scrolls of fog
 h - 13 scrolls of identify
 i - 4 scrolls of enchant weapon {unknown}
 s - 8 scrolls of teleportation
 u - a scroll of fear
 v - 2 scrolls of enchant armour
 w - a scroll of blinking
 z - a scroll of vulnerability
 A - 4 scrolls of magic mapping
 B - 3 scrolls of amnesia
 C - 3 scrolls of immolation {unknown}
 K - a scroll of silence {unknown}
 Q - 2 scrolls of torment {unknown}
Potions
 l - a potion of haste
 o - 3 potions of brilliance
 p - 5 potions of attraction
 q - 13 potions of degeneration
 r - a potion of lignification {unknown}
 t - 2 potions of flight
 x - 4 potions of curing
 I - a potion of ambrosia {unknown}
 L - 2 potions of resistance {unknown}
 N - 3 potions of might


   Skills:
 + Level 10.1 Fighting
 + Level 7.7 Short Blades
 + Level 7.7 Long Blades
 + Level 9.0 Axes
 + Level 7.7 Maces & Flails
 + Level 7.7 Polearms
 + Level 7.7 Staves
 + Level 7.7 Ranged Weapons
 + Level 7.7 Throwing
 + Level 7.7 Armour
 + Level 9.0 Dodging
 + Level 12.2 Stealth
 + Level 7.7 Shields
 + Level 7.7 Unarmed Combat
 + Level 7.7 Spellcasting
 + Level 6.4 Conjurations
 + Level 6.4 Hexes
 + Level 6.4 Summonings
 + Level 6.4 Necromancy
 + Level 6.4 Translocations
 + Level 6.4 Transmutations
 + Level 6.4 Fire Magic
 + Level 6.4 Ice Magic
 + Level 6.4 Air Magic
 + Level 6.4 Earth Magic
 + Level 6.4 Poison Magic
 + Level 8.4 Invocations
 + Level 7.7 Evocations


You had 19 spell levels left.
You knew the following spells:

 Your Spells              Type           Power      Damage    Failure   Level
a - Cause Fear            Hex            14%        N/A       9%          4
b - Stone Arrow           Conj/Erth      58%        3d10      2%          3

Your spell library contained the following spells:

 Spells                   Type           Power      Damage    Failure   Level
 Necrotise                Necr           100%       1d9       1%          1
 Sandblast                Erth           58%        2d13      1%          1
 Passwall                 Tmut/Erth      24%        N/A       1%          2
 Sublimation of Blood     Necr           29%        N/A       1%          2
 Wereblood                Tmut           29%        N/A       1%          2
 Airstrike                Air            14%        2d(3-19)  9%          4
 Anguish                  Hex/Necr       14%        N/A       9%          4
 Conjure Ball Lightning   Conj/Air       14%        3x3d6     78%         6
 Enfeeble                 Hex            14%        N/A       100%        7
 Summon Hydra             Summ           14%        N/A       100%        7
 Necromutation            Tmut/Necr      14%        N/A       100%        8


Dungeon Overview and Level Annotations

Branches:
Dungeon (13/15)            Temple (1/1) D:7            Lair (0/5) D:11
    Orc (0/2) D:12         Vaults (0/5) D:13

Altars:
Ashenzari
Cheibriados
Dithmenos
Elyvilon
Fedhas
Gozag
Hepliaklqana
Kikubaaqudgha
Makhleb
Nemelex Xobeh
Okawaru
Qazlal
Ru
Sif Muna
Trog
Uskayaw
Vehumet
Wu Jian
Xom
Yredelemnul
Zin
The Shining One

Shops:
D:5 !*!   D:7 *(((   D:8 *   D:12 *

Portals:
Abyss: D:4

Annotations:
D:4 2 transporters, bungle's ghost, amateur OpEE
D:6 exclusion: 2 downstairs


Innate Abilities, Weirdness & Mutations

You have very sharp teeth.
Your uncanny sense of smell can sniff out nearby items.
Your experience applies equally to all skills.
Your body sometimes deteriorates upon taking damage.
You expend magic power (3 MP) to strengthen your wands.


Message History

The sling bullet hits the two-headed ogre.
The two-headed ogre is heavily wounded.
The two-headed ogre hits you with a +0 giant club!
The two-headed ogre hits you but does no damage.
You are too injured to fight recklessly!
You are too injured to fight recklessly!
You are too injured to fight recklessly!
You are too injured to fight recklessly!
You are too injured to fight recklessly!
You are too injured to fight recklessly!
Fire: b) +8 sling of Magnificence {elec, rF+ SInv}
Press: ? - help, Q - select action, (/) - cycle Shift-Dir - straight line, f/p - two-headed ogre
Aim: a two-headed ogre, wielding a +0 giant club and a +0 giant spiked club (heavily wounded, 84% to hit)
You shoot a sling bullet.
The sling bullet barely misses the two-headed ogre.
The two-headed ogre barely misses you.
The two-headed ogre hits you with a +0 giant spiked club!
Fire: b) +8 sling of Magnificence {elec, rF+ SInv}
Press: ? - help, Q - select action, (/) - cycle Shift-Dir - straight line, f/p - two-headed ogre
Aim: a two-headed ogre, wielding a +0 giant club and a +0 giant spiked club (heavily wounded, 84% to hit)
You shoot a sling bullet.
The sling bullet hits the two-headed ogre.
The two-headed ogre is severely wounded.
Fire: b) +8 sling of Magnificence {elec, rF+ SInv}
Press: ? - help, Q - select action, (/) - cycle Shift-Dir - straight line, f/p - two-headed ogre
Aim: a two-headed ogre, wielding a +0 giant club and a +0 giant spiked club (severely wounded, 84% to hit)
You shoot a sling bullet.
The sling bullet hits the two-headed ogre!
The two-headed ogre is almost dead.
The two-headed ogre barely misses you.
The two-headed ogre completely misses you.
Fire: b) +8 sling of Magnificence {elec, rF+ SInv}
Press: ? - help, Q - select action, (/) - cycle Shift-Dir - straight line, f/p - two-headed ogre
Aim: a two-headed ogre, wielding a +0 giant club and a +0 giant spiked club (almost dead, 84% to hit)
You shoot a sling bullet.
The sling bullet completely misses the two-headed ogre.
The two-headed ogre hits you with a +0 giant club!!
* * * LOW HITPOINT WARNING * * *
The two-headed ogre hits you with a +0 giant spiked club!!
You die...

....#########..##...#....#####.##
............#..##...#......#####.
............#.......'......#...'.
............#.......#......#...#.
............##.##.###......#.#...
#######......#.##.###############
#∩....#......#.....#.....#
#.....#......#.....#.....#
#.....'......#..@O.#.....#
#######......##..###.##'#########
#........######'######....#..#..#
#........#....'....).#....#.....#
'........'....#......#....#.....#
#........#..<######'##....'.....#
#....#####...#............#.....#
#...)#...'...#............#.....#
#..))#...#...#.)..........#######


You could see a two-headed ogre.

Vanquished Creatures
  An ironbound preserver (D:13)
  Harold (D:9)
  Fannar (D:10)
  Erica (D:9)
  2 boulder beetles
  A two-headed ogre (D:9)
  4 lindwurms (D:8)
  2 ugly things
  A deep elf pyromancer (D:13)
  2 manticores
  A cyclops (D:13)
  2 gargoyles
  Psyche (D:9)
  Maggie (D:8)
  3 kobold demonologists
  3 trolls
  A meliai (shapeshifter) (D:13)
  A wyvern (D:10)
  A wraith (D:13)
  9 yaks
  A steam dragon (D:9)
  A basilisk (D:13)
  Grum (D:9)
  4 acid dragons
  A water moccasin (D:8)
  Duvessa (D:4)
  6 orc warriors
  A swamp drake (D:12)
  2 ice beasts
  A sky beast (D:4)
  An ogre (D:6)
  3 wolves (D:9)
  2 centaurs
  A phantom (D:5)
  7 kobold brigands
  7 bullfrogs
  5 scorpions
  Dowan (D:4)
  4 killer bees (D:11)
  6 howler monkeys
  10 orc priests
  3 jellies
  A gnoll bouda (D:8)
  4 hounds
  Natasha (twice) (D:3)
  5 iguanas
  Terence (D:3)
  9 orc wizards
  9 gnolls
  11 adders
  2 shadow imps
  2 ufetubi
  A worm (D:2)
  2 dart slugs
  37 orcs
  7 ball pythons
  5 bats
  7 endoplasms
  A giant cockroach (D:3)
  5 goblins
  3 hobgoblins
  3 jackals (D:4)
  5 quokkas
  2 frilled lizards
  30 kobolds
  2 rats (D:1)
264 creatures vanquished.

Vanquished Creatures (others)
  A kobold (D:7)
1 creature vanquished.

Grand Total: 265 creatures vanquished

Notes
Turn   | Place    | Note
-------+----------+-------------------------------------------
     0 | D:5      | Reached skill level 9 in Stealth
     0 | D:5      | comborobin the Gnoll Delver began the quest for the Orb.
     0 | D:5      | Reached XP level 1. HP: 23/23 MP: 1/1
    33 | D:5      | Reached XP level 2. HP: 29/29 MP: 2/2
    54 | D:5      | Identified the +8 sling of Magnificence {elec, rF+ SInv}
   153 | D:5      | Found Epuwiad's Distillery.
   215 | D:4      | Found a transporter.
   233 | D:4      | Noticed a sky beast
   249 | D:4      | Found a transporter.
   250 | D:4      | Noticed a small abomination
   277 | D:4      | Found a one-way gate to the infinite horrors of the Abyss.
   277 | D:4      | Noticed bungle's ghost (amateur OpEE)
   380 | D:5      | Found Pusiwid's Distillery.
   401 | D:5      | Reached XP level 3. HP: 35/35 MP: 2/4
   412 | D:5      | Reached skill level 1 in Invocations
   415 | D:5      | Reached skill level 1 in Short Blades
   415 | D:5      | Reached skill level 1 in Long Blades
   415 | D:5      | Reached skill level 1 in Maces & Flails
   415 | D:5      | Reached skill level 1 in Polearms
   415 | D:5      | Reached skill level 1 in Staves
   415 | D:5      | Reached skill level 1 in Ranged Weapons
   415 | D:5      | Reached skill level 1 in Throwing
   415 | D:5      | Reached skill level 1 in Armour
   415 | D:5      | Reached skill level 1 in Shields
   415 | D:5      | Reached skill level 1 in Unarmed Combat
   415 | D:5      | Reached skill level 1 in Spellcasting
   415 | D:5      | Reached skill level 1 in Evocations
   415 | D:5      | Reached XP level 4. HP: 30/41 MP: 3/5
   545 | D:4      | Found a blossoming altar of Fedhas.
   572 | D:4      | Noticed a scorpion
   573 | D:4      | Killed a scorpion
   574 | D:4      | Reached skill level 1 in Conjurations
   574 | D:4      | Reached skill level 1 in Hexes
   574 | D:4      | Reached skill level 1 in Summonings
   574 | D:4      | Reached skill level 1 in Necromancy
   574 | D:4      | Reached skill level 1 in Translocations
   574 | D:4      | Reached skill level 1 in Transmutations
   574 | D:4      | Reached skill level 1 in Fire Magic
   574 | D:4      | Reached skill level 1 in Ice Magic
   574 | D:4      | Reached skill level 1 in Air Magic
   574 | D:4      | Reached skill level 1 in Earth Magic
   574 | D:4      | Reached skill level 1 in Poison Magic
   574 | D:4      | Reached XP level 5. HP: 47/47 MP: 5/7
   758 | D:4      | Found a shimmering blue altar of Sif Muna.
   872 | D:4      | Noticed Dowan
   922 | D:4      | Killed a sky beast
   923 | D:4      | Reached skill level 5 in Axes
   923 | D:4      | Reached skill level 5 in Dodging
   923 | D:4      | Reached XP level 6. HP: 53/53 MP: 7/9
  1327 | D:5      | Noticed an ice beast
  1331 | D:5      | Killed an ice beast
  1352 | D:5      | Reached XP level 7. HP: 60/60 MP: 10/10
  1386 | D:5      | Reached skill level 10 in Stealth
  1470 | D:5      | Found Ulyppuv's Assorted Antiques.
  1479 | D:5      | Bought a scroll labelled WOGHESM GOGGEKH for 33 gold pieces
  1658 | D:7      | Noticed Maggie
  1672 | D:6      | Found a hide-covered altar of Uskayaw.
  1781 | D:6      | Reached XP level 8. HP: 44/67 MP: 12/12
  1885 | D:6      | Found a white marble altar of Elyvilon.
  2617 | D:7      | Gained mutation: Your body sometimes deteriorates upon
                  | taking damage. [potion of mutation]
  2617 | D:7      | Gained mutation: You expend magic power (3 MP) to
                  | strengthen your wands. [potion of mutation]
  2854 | D:7      | Found Dyrch's General Store.
  2871 | D:7      | Found Cuzap's Weapon Shoppe.
  3016 | D:7      | Found a staircase to the Ecumenical Temple.
  3468 | Temple   | Entered the Ecumenical Temple
  3545 | D:7      | Found Quwoeps's Weapon Shoppe.
  3665 | D:7      | Found Wuor Wed's Weapon Boutique.
  3681 | D:7      | Reached XP level 9. HP: 54/73 MP: 14/14
  4413 | D:3      | Noticed Natasha
  4416 | D:3      | Killed Natasha
  4795 | D:3      | Noticed Terence
  4804 | D:3      | Killed Terence
  5046 | D:3      | Found an iron altar of Okawaru.
  5101 | D:3      | Noticed Natasha
  5108 | D:3      | Killed Natasha
  6502 | D:4      | Noticed Duvessa
  6526 | D:4      | Killed Duvessa
  6534 | D:4      | Killed Dowan
  6986 | D:8      | Killed Maggie
  6987 | D:8      | Reached skill level 5 in Invocations
  7160 | D:8      | Found a sacrificial altar of Ru.
  7308 | D:8      | Noticed a lindwurm
  7311 | D:8      | Noticed a lindwurm
  7311 | D:8      | Noticed a lindwurm
  7317 | D:8      | Noticed a lindwurm
  7332 | D:8      | Killed a lindwurm
  7334 | D:8      | Killed a lindwurm
  7335 | D:8      | Reached skill level 5 in Short Blades
  7335 | D:8      | Reached skill level 5 in Long Blades
  7335 | D:8      | Reached skill level 5 in Maces & Flails
  7335 | D:8      | Reached skill level 5 in Polearms
  7335 | D:8      | Reached skill level 5 in Staves
  7335 | D:8      | Reached skill level 5 in Ranged Weapons
  7335 | D:8      | Reached skill level 5 in Throwing
  7335 | D:8      | Reached skill level 5 in Armour
  7335 | D:8      | Reached skill level 5 in Shields
  7335 | D:8      | Reached skill level 5 in Unarmed Combat
  7335 | D:8      | Reached skill level 5 in Spellcasting
  7335 | D:8      | Reached skill level 5 in Evocations
  7335 | D:8      | Reached XP level 10. HP: 74/82 MP: 17/17
  7348 | D:8      | Killed a lindwurm
  7349 | D:8      | Reached skill level 11 in Stealth
  7413 | D:8      | Found an opulent altar of Gozag.
  7415 | D:8      | Found Gozag's Platinum Reserve.
  7812 | D:8      | Killed a lindwurm
  8083 | D:9      | Found a burning altar of Makhleb.
  8118 | D:9      | Noticed a two-headed ogre
  8120 | D:9      | Noticed Erica
  8123 | D:9      | Killed a two-headed ogre
  8126 | D:9      | Killed Erica
  8249 | D:9      | Reached skill level 5 in Conjurations
  8249 | D:9      | Reached skill level 5 in Hexes
  8249 | D:9      | Reached skill level 5 in Summonings
  8249 | D:9      | Reached skill level 5 in Necromancy
  8249 | D:9      | Reached skill level 5 in Translocations
  8249 | D:9      | Reached skill level 5 in Transmutations
  8249 | D:9      | Reached skill level 5 in Fire Magic
  8249 | D:9      | Reached skill level 5 in Ice Magic
  8249 | D:9      | Reached skill level 5 in Air Magic
  8249 | D:9      | Reached skill level 5 in Earth Magic
  8249 | D:9      | Reached skill level 5 in Poison Magic
  8343 | D:9      | Noticed Psyche
  8369 | D:9      | Killed Psyche
  8370 | D:9      | Reached XP level 11. HP: 89/89 MP: 13/20
  8681 | D:9      | Found a shimmering altar of Xom.
  8687 | D:9      | Found a glowing golden altar of the Shining One.
  8688 | D:9      | Found an ornate altar of the Wu Jian Council.
  8689 | D:9      | Found a basalt altar of Yredelemnul.
  8689 | D:9      | Found a snail-covered altar of Cheibriados.
  8692 | D:9      | Found a bloodstained altar of Trog.
  8696 | D:9      | Became a worshipper of Cheibriados the Contemplative
  8845 | D:9      | Noticed Harold
  8852 | D:9      | Killed Harold
  8960 | D:9      | Noticed Grum
  8978 | D:9      | Killed Grum
  9138 | D:9      | Identified the +7 spear "Usowa" {drain, *Rage rN+ Will++
                  | Int+3}
  9187 | D:10     | Entered Level 10 of the Dungeon
  9534 | D:10     | Reached * piety under Cheibriados
  9662 | D:10     | Noticed Fannar
  9672 | D:10     | Killed Fannar
 10429 | D:11     | Noticed a boulder beetle
 10445 | D:11     | Killed a boulder beetle
 10671 | D:11     | Found a staircase to the Lair.
 11383 | D:12     | Reached ** piety under Cheibriados
 11456 | D:12     | Found a staircase to the Orcish Mines.
 11717 | D:12     | Reached XP level 12. HP: 94/97 MP: 22/22
 11760 | D:12     | Noticed a boulder beetle
 11774 | D:12     | Learned a level 4 spell: Cause Fear
 11910 | D:12     | Noticed a two-headed ogre
 11910 | D:12     | Noticed a two-headed ogre
 11933 | D:12     | Killed a boulder beetle
 12132 | D:12     | Found Ixkow's General Store.
 12359 | D:12     | Reached *** piety under Cheibriados
 12545 | D:13     | Got the Encyclopedia of Unholy Lightning
 12675 | D:13     | Reached skill level 12 in Stealth
 12733 | D:13     | Noticed a two-headed ogre
 12766 | D:13     | Found a gate to the Vaults.
 12766 | D:13     | Noticed an ironbound preserver
 12793 | D:13     | Killed an ironbound preserver
 12794 | D:13     | Reached skill level 10 in Fighting
 12959 | D:13     | Learned a level 3 spell: Stone Arrow
 13164 | D:13     | Noticed a six-headed hydra
 13182 | D:12     | Slain by a two-headed ogre

Illustrated notes

Levels and vault maps discovered:
D:1:      dpeg_arrival_simpleton_b, layout_basic, st_stairs_5,
          nicolae_concentric_dashed_squares_wild, minmay_tetromino_l2
D:2:      layout_basic
D:3:      layout_loops_ring, kennysheep_okawaru_gauntlet, serial_bayou_pond_c,
          kennysheep_generic_room_2, uniq_natasha, uniq_terence
D:4:      layout_basic, kennysheep_mini_moat, mainiacjoe_overflow_24_doors,
          gammafunk_ghost_abyssal_escape, uniq_duvessa
D:5:      layout_basic, serial_shops, nicolae_shop_peninsula, shop,
          nicolae_shop_pleasant_corner_grove
D:6:      layout_gridville, elyvilon_altar_4,
          nicolae_uskayaw_murder_on_the_dancefloor
D:7:      layout_basic, minmay_temple_entry_hall, serial_shops,
          nicolae_shop_bloodbath_and_beyond, nicolae_shop_tiny_glass, shop,
          nicolae_shop_window_shopping, chequers_garden, uniq_maggie
D:8:      layout_basic, kennysheep_little_box, nicolae_gozag_zags_fifth_avenue,
          minivault_22, minmay_lindwurm_lava
D:9:      layout_irregular_city, mainiacjoe_overflow_cross_hatched, minitemple,
          uniq_erica, uniq_harold, uniq_grum, uniq_psyche
D:10:     layout_roguey, uniq_fannar
D:11:     layout_grid_maze, lair_entry_dummy
D:12:     layout_gridville, erik_orc_1, serial_shops, shop
D:13:     layout_basic, skrybe_vaults_entry_preservation
Temple:   hellmonk_temple_of_storms

Skill      XL: |  1  2  3  4  5  6  7  8  9 10 11 12 |
---------------+-------------------------------------+-----
Stealth        | 10 11 12 | 12.2
Invocations    | 1 2 3 4 5 6 7 8 |  8.4
Short Blades   | 1 2 3 5 6 7 |  7.7
Long Blades    | 1 2 3 5 6 7 |  7.7
Maces & Flails | 1 2 3 5 6 7 |  7.7
Polearms       | 1 2 3 5 6 7 |  7.7
Staves         | 1 2 3 5 6 7 |  7.7
Ranged Weapons | 1 2 3 5 6 7 |  7.7
Throwing       | 1 2 3 5 6 7 |  7.7
Armour         | 1 2 3 5 6 7 |  7.7
Shields        | 1 2 3 5 6 7 |  7.7
Unarmed Combat | 1 2 3 5 6 7 |  7.7
Spellcasting   | 1 2 3 5 6 7 |  7.7
Evocations     | 1 2 3 5 6 7 |  7.7
Conjurations   | 1 2 3 4 5 6 |  6.4
Hexes          | 1 2 3 4 5 6 |  6.4
Summonings     | 1 2 3 4 5 6 |  6.4
Necromancy     | 1 2 3 4 5 6 |  6.4
Translocations | 1 2 3 4 5 6 |  6.4
Transmutations | 1 2 3 4 5 6 |  6.4
Fire Magic     | 1 2 3 4 5 6 |  6.4
Ice Magic      | 1 2 3 4 5 6 |  6.4
Air Magic      | 1 2 3 4 5 6 |  6.4
Earth Magic    | 1 2 3 4 5 6 |  6.4
Poison Magic   | 1 2 3 4 5 6 |  6.4
Axes           | 5 6 7 8 9 |  9.0
Dodging        | 5 6 7 8 9 |  9.0
Fighting       | 7 8 9 10 | 10.1

Action                     |  1- 3 |  4- 6 |  7- 9 | 10-12 || total
---------------------------+-------+-------+-------+-------++-------
  Melee: Hand axe          |    16 |       |       |       ||    16
         Bite              |     2 |       |       |     4 ||     6
         Dagger            |       |       |       |    10 ||    10
         Punch             |       |       |       |     3 ||     3
         Sling             |       |       |       |     7 ||     7
   Fire: Sling             |    24 |    38 |   334 |   447 ||   843
   Cast: Cause Fear        |       |       |       |     1 ||     1
  Evoke: Wand              |       |       |     4 |    22 ||    26
    Use: Scroll            |     1 |     1 |     9 |     6 ||    17
         Potion            |     1 |       |    10 |     1 ||    12
   Stab: Sleeping          |     2 |       |       |       ||     2
 Armour: Leather armour    |     4 |     2 |    38 |       ||    44
         Steam dragon scal |       |       |     5 |    52 ||    57
         Skin              |       |       |       |     1 ||     1
         Troll leather arm |       |       |       |    26 ||    26
  Dodge: Dodged            |    15 |     9 |   153 |   242 ||   419
  Block: Other             |       |       |       |    51 ||    51
         Reflection        |       |       |       |     3 ||     3
